 Seeded DCSS version 0.28.0-62-gf88900778d (webtiles) character file.

Game seed: 14746024942004629471 (custom seed)

4 Nonny the Twirler (level 1, 8/11 HPs)
             Began as a Vine Stalker Gladiator on Apr 8, 2023.
             Quit the game on level 2 of the Dungeon on Apr 10, 2023.
             The game lasted 00:02:02 (169 turns).

Nonny the Twirler (Vine Stalker Gladiator)           Turns: 169, Time: 00:02:03

Health: 8/11       AC:  4    Str: 16    XL:     1   Next: 70%
Magic:  2/2        EV: 12    Int:  8    God:
Gold:   0          SH:  0    Dex: 15    Spells: 0/0 levels left

rFire   . . .      SeeInvis .   a - +0 quarterstaff
rCold   . . .      Faith    .   (shield currently unavailable)
rNeg    . . .      Spirit   +   b - +0 leather armour
rPois   .          Reflect  .   c - +0 helmet
rElec   .          Harm     .   (no cloak)
rCorr   .          Rampage  .   (no gloves)
Will    .....                   (no boots)
Stlth   ++........              (no amulet)
HPRegen 0.03/turn               (no ring)
MPRegen 0.08/turn               (no ring)

@: no status effects
A: fangs 2, magic shield, antimagic bite, no potion heal 2
a: no special abilities


You were on level 2 of the Dungeon.
You visited 1 branch of the dungeon, and saw 2 of its levels.

Inventory:

Hand Weapons
 a - a +0 quarterstaff (weapon)
Missiles
 d - 3 throwing nets (quivered)
Armour
 b - a +0 leather armour (worn)
 c - a +0 helmet (worn)
Potions
 e - a potion of heal wounds {unknown}
 f - a potion of attraction {unknown}


   Skills:
 - Level 1.7 Fighting
 - Level 2.6 Staves
 - Level 1.7 Throwing
 - Level 2.4 Dodging
 * Level 1.6 Stealth


You couldn't memorise any spells.
You didn't know any spells.
Your spell library was empty.

Dungeon Overview and Level Annotations

Branches:
Dungeon (2/15)

Altars:

Shops:
D:2 [


Innate Abilities, Weirdness & Mutations

You have extremely sharp teeth.
When hurt, damage is shared between your health and your magic reserves.
Your bite disrupts and absorbs the magic of your enemies.
Potions cannot restore your health.


Message History

Found a scroll labelled GAINECS GUPIRGH.
Found Nikkeile's Armour Shop.
f - a glowing purple potion An endoplasm comes into view.
You open the door.
A rat comes into view.
The rat barely misses you. The endoplasm barely misses you.
You hit the endoplasm. Your bite misses the endoplasm.
The endoplasm is almost dead.
The rat barely misses you. The endoplasm closely misses you.
You hit the endoplasm but do no damage.
The endoplasm is severely wounded.
The rat barely misses you. The endoplasm freezes you.
You are frozen.
You hit the endoplasm but do no damage.
The endoplasm is severely wounded.
The rat bites you but does no damage.
The endoplasm hits you but does no damage.
You hit the endoplasm.
You kill the endoplasm!
The rat bites you but does no damage. The rat bites you but does no damage.
You completely miss the rat. The rat bites you but does no damage.
You hit the rat.
The rat is heavily wounded.
The rat misses you. The rat closely misses you.
You closely miss the rat.
The rat is heavily wounded.
The rat misses you.
You hit the rat.
You kill the rat!
There is an entrance to Nikkeile's Armour Shop here.
You can access your shopping list by pressing '$'.
Save game and exit?
Welcome back, Nonny the Vine Stalker Gladiator.
Game seed: 14746024942004629471 (custom seed) Press ? for a list of commands and other information.
Are you sure you want to abandon this character and quit the game? (Confirm with "yes".)

. ########
###+#########..
.......###......@.......
######..................
#.#.#.#.......#####
#.............#
#.............#
#.............#
#.............#
#.............#
#.#'#.#.......#


There were no monsters in sight!

Vanquished Creatures
  An endoplasm (D:2)
  A giant cockroach (D:1)
  A kobold (D:1)
  2 rats
5 creatures vanquished.

Notes
Turn   | Place    | Note
-------+----------+-------------------------------------------
     0 | D:1      | Nonny the Vine Stalker Gladiator began the quest for the
                  | Orb.
     0 | D:1      | Reached XP level 1. HP: 11/11 MP: 2/2
    28 | D:1      | Reached skill level 1 in Stealth
   138 | D:2      | Found Nikkeile's Armour Shop.
   169 | D:2      | Quit the game

Illustrated notes

Levels and vault maps discovered:
D:1:      mrwooster_arrival_statue_2, layout_loops_ring,
          hellmonk_ecumenical_altar_defaced_shrine
D:2:      layout_basic, serial_shops, shop

Skill      XL: |  1 |
---------------+----+-----
Stealth        | 1 |  1.6
Fighting       | |  1.7
Staves         | |  2.6
Throwing       | |  1.7
Dodging        | |  2.4

Action                   || total
-------------------------++-------
Melee: Quarterstaff      ||    17
       Bite              ||     3
Armor: Leather armour    ||     8
Dodge: Dodged            ||    13
